cohdb
Replays
Latest Replays
All Replays
Popular Replays
Top Player Replays
Match Explorer
How It Works
Community
CoH3 Stats
Reddit
Sign in to upload your games and track your stats! →
Sign in with Steam
Match 45581904
Unlisted
Match 45581904
Overview
Messages
Build Orders
End
Construct Infanterie Kompanie
Grenadier Squad
Selects Mechanized Battlegroup
MG 42 Machine Gun Team
Grenadier Squad
Construct Panzergrenadier Kompanie
Medical Bunker
251 Medium Carrier
Panzergrenadier Squad
Selects Raid Package
Pak 40 Anti-tank Gun Team
Panzergrenadier Squad
Selects 8 Rad Armored Car
8 Rad Armored Car
Panzergrenadier Officer Quarters
Construct Panzer Kompanie
Selects Mobile Repair Stations
Selects UNKNOWN (2160084)
Panther Heavy Tank
2writer
Maple Cat
XuZhongwei
3+++
0
0
Comments
sign in to comment!
No comments posted yet!